AoeStats
← Red Calypso

Socotra

506470966Analyzed
4v4 RM · 19d ago on Sep 13, 2026· 44m 19s· 8 players
Game mode
Random Map
Map size
148×148
Population
200
Speed
Normal
Resources
Standard
Victory
Conquest
Starting age
Dark Age
Ending age
Imperial Age
RankedLock teamsTeams togetherTeam positionsShared explorationLock speedFull tech treeHidden civsTurbo modeCheats
Victory
Defeat
🇲🇽 Maya · Mexico
1447
+12
🇺🇸 Vietnamese · United States
1429
+12
🇲🇽 Gurjaras · Mexico
1409
+13
🇸🇪 Sicilians · Sweden
1320
+17
🇦🇹 Khitans · Austria
1445
-18
🇩🇪 Goths · Germany
1341
-13
🇩🇪 Koreans · Germany
1310
-12
🇩🇪 Khmer · Germany
1295
-11
Red Calypso
8:25 Loom
10:59 Feudal Age
14:24 Forging
14:20 Scale Barding Armor
14:51 Double-Bit Axe
21:26 Wheelbarrow
21:26 Domestication
31:20 Castle Age
31:34 Gold Mining
32:15 Bow Saw
32:47 Chain Barding Armor
33:03 Iron Casting
33:27 Iron Casting
33:13 Chain Barding Armor
32:51 Fletching
33:05 Light Cavalry
36:33 Pastoralism
44:27 Imperial Age
43:39 Hand Cart
43:54 Husbandry
Murschann
7:37 Loom
9:44 Feudal Age
14:30 Double-Bit Axe
15:24 Horse Collar
18:05 Fletching
24:59 Castle Age
26:38 Crossbowman
27:23 Thumb Ring
laggysnapy
1:47 Loom
10:57 Feudal Age
13:09 Double-Bit Axe
14:13 Horse Collar
19:07 Town Watch
19:57 Wheelbarrow
25:33 Castle Age
24:03 Stone Mining
25:10 Scale Mail Armor
25:20 Forging
25:01 Fletching
27:16 Bow Saw
28:22 Squires
29:24 Chain Mail Armor
30:48 Iron Casting
30:25 Pikeman
40:32 Anarchy
46:31 Imperial Age
Dino
2:29 Loom
13:46 Feudal Age
16:43 Double-Bit Axe
17:17 Horse Collar
21:06 Castle Age
32:41 Wheelbarrow
36:32 Imperial Age
35:00 Town Watch
35:11 Gold Mining
41:09 Light Cavalry
41:59 Bloodlines
41:50 Husbandry
42:01 Scale Barding Armor
42:06 Forging
43:26 Chain Barding Armor
42:31 Cavalier
44:23 Padded Archer Armor
44:16 Fletching
[ZCHE] Benja
6:36 Loom
6:43 Loom
37:27 Feudal Age
38:28 Double-Bit Axe
41:26 Castle Age
40:10 Horse Collar
42:27 Fletching
43:54 Bodkin Arrow
OM | Romeo D. Sins
0:26 Loom
8:59 Feudal Age
13:18 Fletching
15:35 Padded Archer Armor
16:22 Horse Collar
18:24 Double-Bit Axe
24:49 Castle Age
23:18 Gold Mining
25:26 Bodkin Arrow
24:52 Crossbowman
26:35 Bow Saw
26:31 Heavy Plow
27:11 Leather Archer Armor
29:42 Wheelbarrow
37:18 Imperial Age
38:34 Bracer
39:33 Ring Archer Armor
39:42 Ballistics
41:15 Chemistry
42:27 Thumb Ring
41:42 Arbalester
42:43 Arbalester
43:43 Treadmill Crane
44:34 Stone Mining
Dusk_
0:49 Loom
9:04 Feudal Age
10:06 Double-Bit Axe
10:02 Horse Collar
10:28 Loom
12:34 Horse Collar
18:37 Castle Age
17:05 Gold Mining
17:56 Bloodlines
18:00 Fletching
19:28 Bodkin Arrow
21:04 Bow Saw
21:56 Ballistics
21:37 Padded Archer Armor
24:22 Thumb Ring
30:38 Wheelbarrow
32:16 Hand Cart
32:19 Husbandry
35:53 Leather Archer Armor
35:44 Scale Barding Armor
35:51 Forging
38:38 Imperial Age
38:04 Husbandry
38:50 Chain Barding Armor
39:06 Iron Casting
39:45 Bracer
39:51 Heavy Cavalry Archer
42:26 Ring Archer Armor
42:59 Chemistry
43:33 Light Cavalry
OM | Massiosare
2:04 Loom
10:31 Feudal Age
22:26 Gold Mining
29:18 Castle Age
29:19 Scale Barding Armor
29:55 Forging
30:36 Husbandry
35:21 Stone Mining
36:18 Bloodlines
37:53 Scale Mail Armor
40:34 Iron Casting
42:37 Chain Mail Armor
44:19 Fletching
Connection lost

Rejoining the realm…

Still unreachable

The connection could not be restored.

Session expired

The server has moved on; the page needs a fresh start.